 Dungeon Crawl Stone Soup version 0.31-a0-596-g831eee08f1 (webtiles) character file.

Game seed: 10694780985315890315

165 Babbit the Gusty (level 5, 0/38 HPs)
             Began as a Demigod Air Elementalist on Aug 20, 2023.
             Slain by a gnoll
             ... wielding a +0 whip
              (7 damage)
             ... on level 3 of the Dungeon.
             The game lasted 00:19:30 (2736 turns).

Babbit the Gusty (Demigod Air Elementalist)         Turns: 2736, Time: 00:19:31

Health: 0/38       AC:  5    Str:  9    XL:     5   Next: 1%
Magic:  0/12       EV: 12    Int: 21    God:
Gold:   131        SH:  0    Dex: 14    Spells: 2/10 levels left

rFire   . . .        d - staff of air
rCold   . . .        (no shield)
rNeg    . . .        a - +0 robe
rPois   .            h - +0 helmet
rElec   +            n - +0 cloak
rCorr   .            g - +0 pair of gloves
SInv    .            (no boots)
Will    .....        (no amulet)
Stlth   ++           (no ring)
HPRegen 0.26/turn    (no ring)
MPRegen 0.13/turn

%: no passive effects
@: no status effects
A: high MP 1, forlorn, divine attributes
a: no special abilities


You were on level 3 of the Dungeon.
You visited 1 branch of the dungeon, and saw 3 of its levels.

You collected 131 gold pieces.

Inventory:

Armour
 a - a +0 robe (worn)
 g - a +0 pair of gloves (worn)
 h - a +0 helmet (worn)
 n - a +0 cloak (worn)
Magical Staves
 d - a staff of air (weapon)
Scrolls
 c - a scroll of vulnerability {unknown}
 e - a scroll of teleportation {unknown}
 i - a scroll of silence {unknown}
 j - a scroll of identify
 k - a scroll of fog {unknown}
 o - a scroll of enchant armour {unknown}
 p - a scroll of brand weapon {unknown}
Potions
 b - a potion of magic
 l - a potion of enlightenment
 m - a potion of haste


   Skills:
 + Level 0.1 Fighting
 + Level 2.4 Dodging
 + Level 1.9 Stealth
 + Level 0.3 Unarmed Combat
 + Level 3.1 Spellcasting
 + Level 1.9 Conjurations
 + Level 3.5 Air Magic


You had 2 spell levels left.
You knew the following spells:

 Your Spells              Type           Power      Damage    Failure   Level
a - Shock                 Conj/Air       88%        1d8       4%          1
b - Swiftness             Air            27%        N/A       10%         3
c - Airstrike             Air            13%        2d(2-18)  30%         4

Your spell library contained the following spells:

 Spells                   Type           Power      Damage    Failure   Level
 Static Discharge         Conj/Air       44%        2-4/arc   6%          2
 Foxfire                  Conj/Fire      28%        2x1d5     9%          1
 Apportation              Tloc           6%         N/A       13%         1
 Necrotise                Necr           12%        1d4       13%         1
 Summon Small Mammal      Summ           12%        N/A       13%         1
 Lesser Beckoning         Tloc           6%         N/A       21%         2
 Gell's Gravitas          Tloc           3%         N/A       36%         3
 Teleport Other           Tloc           3%         N/A       36%         3
 Sticky Flame             Conj/Fire      7%         2d3       65%         4
 Ignition                 Fire           1%         3d3       100%        8


Dungeon Overview and Level Annotations

Branches:
Dungeon (3/15)

Shops:
D:1 =*?


Innate Abilities, Weirdness & Mutations

You have an increased reservoir of magic. (+10% MP)
You shall have no god before yourself.
Your divine heritage dramatically boosts your attributes as you level up.


Message History

You hit the gnoll.
The gnoll is electrocuted.
The gnoll is heavily wounded.
You feel sick. The gnoll hits you but does no damage.
You barely miss the gnoll.
The gnoll is heavily wounded.
You feel sick. The gnoll hits you with a +0 whip.
You barely miss the gnoll.
The gnoll is heavily wounded.
You feel sick. The gnoll hits you with a +0 whip. The gnoll closely misses you.
Okay, then.
Okay, then.
Casting: Shock (safe; 4% risk of failure)
Confirm with . or Enter, or press ? or * to list all spells.
You don't have enough magic to cast this spell.
Casting: Shock (safe; 4% risk of failure)
Confirm with . or Enter, or press ? or * to list all spells.
Okay, then.
You hit the gnoll.
The gnoll is severely wounded.
You feel sick. The gnoll hits you but does no damage.
Aiming: Shock (safe; 4% risk of failure)
Press: ? - help, Q - select action, (/) - cycle Shift-Dir - straight line, f/p - gnoll
Aim: a gnoll, wielding a +0 whip (severely wounded, 77% to hit)
You feel a surge of power!
The zap hits the gnoll.
The gnoll is severely wounded.
You feel sick. The gnoll closely misses you.
You hit the gnoll.
The gnoll is almost dead.
You feel sick.
You are no longer poisoned.
The gnoll hits you with a +0 whip!
* * * LOW HITPOINT WARNING * * *
You hit the gnoll but do no damage.
The gnoll is almost dead.
The gnoll hits you with a +0 whip.
* * * LOW HITPOINT WARNING * * *
You barely miss the gnoll.
The gnoll is almost dead.
The gnoll hits you with a +0 whip!
You die...

#..P.P_.♣P.#.#.#
#..PP..PP......#
#.....P.♣P.#####
#..........#
#............)...
##†###.......####
#.#.......#.#
######(#.#.#..##.#
##
#...g@.#^#........
.> #.######
#.#..## ## ##
.....# ### ... #.#
#.


You could see a gnoll.

Vanquished Creatures
  An orc priest (D:3)
  Jessica (D:2)
  2 gnolls (D:3)
  2 adders (D:2)
  2 worms (D:2)
  3 orcs (D:3)
  6 ball pythons
  7 endoplasms
  2 giant cockroaches
  9 goblins
  4 hobgoblins
  2 quokkas (D:2)
  3 bats
  10 frilled lizards
  6 kobolds
  5 rats
65 creatures vanquished.

Notes
Turn   | Place    | Note
-------+----------+-------------------------------------------
     0 | D:1      | Babbit the Demigod Air Elementalist began the quest for the
                  | Orb.
     0 | D:1      | Reached XP level 1. HP: 14/14 MP: 5/5
     1 | D:1      | Found Vuxanlu's Magic Scroll Shop.
   215 | D:1      | Reached XP level 2. HP: 17/20 MP: 5/7
   309 | D:1      | Reached skill level 1 in Conjurations
   768 | D:1      | Found Luseun's Jewellery Shop.
   873 | D:1      | Found Ginejeag's Assorted Antiques.
   960 | D:1      | Reached XP level 3. HP: 26/26 MP: 0/9
  1202 | D:2      | Learned a level 3 spell: Swiftness
  1765 | D:2      | Noticed Jessica
  1770 | D:2      | Killed Jessica
  1771 | D:2      | Reached XP level 4. HP: 33/33 MP: 4/10
  1884 | D:2      | Got the Vellum of Soot
  1890 | D:2      | Learned a level 4 spell: Airstrike
  2726 | D:3      | Reached XP level 5. HP: 15/38 MP: 1/12
  2736 | D:3      | Slain by a gnoll

Illustrated notes

Levels and vault maps discovered:
D:1:      tarquinn_simple_flora_water_e, layout_rooms, serial_shops, shop,
          nicolae_shop_behind_doors, nicolae_shop_competitors_out_of_business,
          palyth_stone_intersect, minmay_lizard_king
D:2:      layout_basic, basic_altar, uniq_jessica
D:3:      layout_loops_ring, lemuel_coloured_pillars_altar,
          dreamdust_ecumenical_altar_grove

Skill      XL: |  1  2  3  4 |
---------------+-------------+-----
Spellcasting   | 2 3 |  3.1
Conjurations   | 1 |  1.9
Air Magic      | 3 |  3.5
Dodging        | 2 |  2.4
Fighting       | |  0.1
Stealth        | |  1.9
Unarmed Combat | |  0.3

Action                     |  1- 3 |  4- 6 || total
---------------------------+-------+-------++-------
  Melee: Unarmed           |    27 |       ||    27
         Staff             |     2 |    14 ||    16
   Cast: Shock             |    87 |    42 ||   129
         Swiftness         |     1 |       ||     1
         Airstrike         |       |     2 ||     2
    Use: Scroll            |       |     3 ||     3
         Potion            |       |     1 ||     1
 Armour: Robe              |     7 |     5 ||    12
  Dodge: Dodged            |    24 |     8 ||    32

Table legend: (Time is in decaauts)
 A = Elapsed time spent in this place.
 B = Non-inter-level travel time spent in this place.
 C = Inter-level travel time spent in this place.
 D = Time resting spent in this place.
 E = Time spent auto-exploring this place.
 F = Levels seen in this place.
 G = Mean time per level.
                   A        B        C        D        E       F      G
               +--------+--------+--------+--------+--------+-----+--------+
         Total |   2737 |   2677 |     60 |    662 |   1600 |   3 |  912.3 |
       Dungeon |   2737 |   2677 |     60 |    662 |   1600 |   3 |  912.3 |
               +--------+--------+--------+--------+--------+-----+--------+

Top non-repeatable levels by time:
     D:2: 1231 daAuts
     D:1: 1123 daAuts
     D:3: 382 daAuts
